 Dungeon Crawl Stone Soup version 0.28.0-45-g0d030f2227 (webtiles) character file.

Game seed: 6461888895207919298

5084 suse60 the Fighter (level 10, -1/93 HPs)
             Began as a Minotaur Monk on Apr 9, 2022.
             Was a High Priest of Makhleb.
             Slain by a four-headed hydra (8 damage)
             ... on level 9 of the Dungeon on Apr 10, 2022.
             The game lasted 01:21:31 (9343 turns).

suse60 the Fighter (Minotaur Monk)                  Turns: 9343, Time: 01:21:32

Health: -1/93      AC: 11    Str: 24    XL:     10   Next: 31%
Magic:  12/12      EV: 31    Int:  7    God:    Makhleb [*****.]
Gold:   140        SH:  0    Dex: 19    Spells: 9/9 levels left

rFire   + . .      SeeInvis .   g - +1 glaive (flame)
rCold   + + .      Faith    .   (shield currently unavailable)
rNeg    . . .      Spirit   .   f - +1 ring mail "Homib" {rF+ rC+ Dex+4 Stlth+}
rPois   .          Reflect  .   (helmet unavailable)
rElec   .          Harm     .   a - +1 cloak
rCorr   .          Rampage  .   (no gloves)
Will    .....                   h - +0 pair of boots
Stlth   +++.......              t - amulet of the acrobat
HPRegen 0.25/turn               r - ring of protection from cold
MPRegen 0.13/turn               v - +6 ring of strength

@: mighty, acrobatic
A: horns 3, retaliatory headbutt, wild magic 1
a: Renounce Religion, Minor Destruction, Lesser Servant of Makhleb, Major
Destruction, Greater Servant of Makhleb


You were on level 9 of the Dungeon.
You worshipped Makhleb.
Makhleb was extremely pleased with you.
You visited 2 branches of the dungeon, and saw 10 of its levels.
You also visited: Sewer and Bailey.

You collected 438 gold pieces.
You spent 298 gold pieces at shops.

Inventory:

Hand Weapons
 g - a +1 glaive of flaming (weapon)
 n - the +8 mace of the Arena {vorpal, rPois Dex+2}
   (You found it on level 4 of the Dungeon)

   It inflicts extra damage upon your enemies.
   Dex:       It affects your dexterity (+2).
   rPois:     It protects you from poison.
Missiles
 b - 28 poisoned darts (quivered)
 s - a throwing net
Armour
 a - a +1 cloak (worn)
 f - the +1 ring mail "Homib" (worn) {rF+ rC+ Dex+4 Stlth+}
   (You found it on level 6 of the Dungeon)

   Dex:       It affects your dexterity (+4).
   rF:        It protects you from fire.
   rC:        It protects you from cold.
   Stlth:     It makes you more stealthy.
 h - a +0 pair of boots (worn)
Jewellery
 k - a ring of flight
 r - a ring of protection from cold (left hand)
 t - an amulet of the acrobat (around neck)
 v - a +6 ring of strength (right hand)
Wands
 c - a wand of mindburst (5)
 u - a wand of flame (19)
Scrolls
 m - 2 scrolls of teleportation
 q - a scroll of blinking
 x - a scroll of summoning
Potions
 d - 4 potions of curing
 i - 2 potions of haste {unknown}
 j - a potion of invisibility
 l - a potion of heal wounds
 o - a potion of lignification {unknown}
 p - a potion of ambrosia {unknown}


   Skills:
 + Level 9.9 Fighting
 - Level 5.3(7.5) Axes
 + Level 8.1(8.9) Maces & Flails
 + Level 8.0 Armour
 + Level 7.8 Dodging
 - Level 1.9 Stealth
 - Level 5.1 Invocations


You had 9 spell levels left.
You didn't know any spells.
Your spell library contained the following spells:

 Spells                   Type           Power      Damage    Failure   Level
 Animate Skeleton         Necr           0%         N/A       65%         1
 Apportation              Tloc           0%         N/A       65%         1
 Summon Small Mammal      Summ           0%         N/A       65%         1
 Call Canine Familiar     Summ           0%         N/A       94%         3
 Summon Guardian Golem    Hex/Summ       0%         N/A       94%         3
 Animate Dead             Necr           0%         N/A       100%        4
 Borgnjor's Vile Clutch   Necr/Erth      0%         N/A       100%        5
 Fireball                 Conj/Fire      0%         3d3       100%        5
 Iskenderun's Battlesphe  Conj           0%         2d6       100%        5
 Conjure Ball Lightning   Conj/Air       0%         3x3d6     100%        6
 Death Channel            Necr           0%         N/A       100%        6
 Orb of Destruction       Conj           0%         9d5       100%        7


Dungeon Overview and Level Annotations

Branches:
Dungeon (9/15)             Temple (1/1) D:5            Lair (0/6) D:9
  Sewer (visited)          Bailey (visited)
    Orc: D:9-12

Altars:
Dithmenos
Hepliaklqana
Kikubaaqudgha
Makhleb
Trog
Uskayaw

Shops:
D:6 :   D:8 ?


Innate Abilities, Weirdness & Mutations

You have a pair of large horns on your head.
You reflexively headbutt those who attack you in melee.
Your spells are a little harder to cast, but a little more powerful.


Message History

The six-headed hydra bites you but does no damage.
You slice one of the six-headed hydra's heads off!
The flame cauterises the wound!
You hit the five-headed hydra. You burn the five-headed hydra.
The five-headed hydra is heavily wounded.
The five-headed hydra bites you. The five-headed hydra bites you! x2
The five-headed hydra bites you. The five-headed hydra bites you!
The five-headed hydra bites you but does no damage.
The five-headed hydra misses you.
The five-headed hydra completely misses you.
The five-headed hydra barely misses you. x2
You chop one of the five-headed hydra's heads off!
The flame cauterises the wound!
You slash the four-headed hydra! You burn the four-headed hydra.
The four-headed hydra is severely wounded.
The four-headed hydra barely misses you.
The four-headed hydra bites you!
* * * LOW HITPOINT WARNING * * *
The four-headed hydra barely misses you.
The four-headed hydra bites you.
* * * LOW HITPOINT WARNING * * *
The four-headed hydra misses you. The four-headed hydra bites you!
* * * LOW HITPOINT WARNING * * *
The four-headed hydra barely misses you.
The four-headed hydra bites you.
* * * LOW HITPOINT WARNING * * *
Blink to where?
Press: ? - help, Q - select action, (/) - cycle Dir - move target, p - four-headed hydra
As you read the scroll of blinking, it crumbles to dust.
Aiming: Mindburst
Press: ? - help, Q - select action, (/) - cycle Shift-Dir - straight line, f - four-headed hydra
Aim: a four-headed hydra (translocational energy, severely wounded, chance to affect: 29%)
The four-headed hydra's minds are blasted!
Aiming: Throw Flame
Press: ? - help, Q - select action, (/) - cycle Shift-Dir - straight line, f/p - four-headed hydra
Aim: a four-headed hydra (severely wounded, 89% to hit)
The puff of flame hits the four-headed hydra.
The four-headed hydra is almost dead.
The four-headed hydra bites you!
You die...

##########
#.....D@[#
#.######.#
#.# ####.#
#....#
#....###.#.
#.(...#
#..........#
##...##
#....###.###
##.# ##.#.#
#. #...# #.
#..##


You could see a four-headed hydra.

Vanquished Creatures
  A gargoyle (Bailey)
  Maggie (D:6)
  A troll (D:8)
  2 vampires (Bailey)
  2 wyverns (D:7)
  A steam dragon (D:8)
  A water moccasin (D:6)
  3 orc warriors
  2 sky beasts
  A black bear (D:8)
  An ice beast (D:7)
  2 necrophages
  2 centaurs (D:8)
  An ogre (D:6)
  4 kobold brigands
  2 bullfrogs
  Blork the orc (D:6)
  A wyvern zombie (D:8)
  A wyvern skeleton (D:7)
  A wight (D:7)
  7 vampire bats (Bailey)
  6 wolf zombies (Bailey)
  A bullfrog zombie (D:6)
  3 centaur zombies
  2 hounds
  A jelly (D:8)
  A centaur skeleton (D:7)
  An orc priest (D:9)
  A bullfrog skeleton (D:5)
  6 orc wizards
  4 iguanas
  2 killer bee zombies
  3 gnolls (D:6)
  12 adders
  A river rat (Sewer)
  2 white imps
  3 worms (Sewer)
  5 dart slugs
  18 orcs
  5 ball pythons (Sewer)
  7 endoplasms
  6 giant cockroaches
  10 goblins
  6 hobgoblins
  2 jackals (D:5)
  8 quokkas
  7 bats
  6 frilled lizards
  13 kobolds
  18 orc zombies (Bailey)
  3 rats
201 creatures vanquished.

Vanquished Creatures (others)
  24 plants
  2 withered plants (D:8)
26 creatures vanquished.

Grand Total: 227 creatures vanquished

Notes
Turn   | Place    | Note
-------+----------+-------------------------------------------
     0 | D:1      | suse60 the Minotaur Monk began the quest for the Orb.
     0 | D:1      | Reached XP level 1. HP: 19/19 MP: 0/0
    39 | D:1      | Found a faded altar of an unknown god.
   119 | D:1      | Reached XP level 2. HP: 26/27 MP: 1/1
   327 | D:1      | Reached skill level 4 in Fighting
   355 | D:1      | Reached skill level 1 in Armour
   418 | D:1      | Reached XP level 3. HP: 33/33 MP: 2/2
  2045 | D:3      | Reached XP level 4. HP: 40/40 MP: 3/3
  2347 | D:3      | Found a shadowy altar of Dithmenos.
  2347 | D:3      | Found a bloodstained altar of Trog.
  2347 | D:3      | Found a burning altar of Makhleb.
  2377 | D:3      | Became a worshipper of Makhleb the Destroyer
  2377 | D:3      | Reached * piety under Makhleb
  2377 | D:3      | Reached ** piety under Makhleb
  2844 | D:4      | Found a glowing drain.
  2864 | Sewer    | Entered a sewer
  3123 | Sewer    | Reached XP level 5. HP: 42/47 MP: 4/4
  3159 | Sewer    | Reached skill level 5 in Axes
  3164 | Sewer    | Reached skill level 5 in Fighting
  3447 | Sewer    | Gained mutation: You are agile. (Dex +2) [potion of
                  | mutation]
  3447 | Sewer    | Lost mutation: You are agile. (Dex +2) [potion of mutation]
  3447 | Sewer    | Gained mutation: You passively map a small area around you.
                  | [potion of mutation]
  3447 | Sewer    | Gained mutation: You have a pair of large horns on your
                  | head. [potion of mutation]
  3662 | Sewer    | Reached XP level 6. HP: 33/56 MP: 5/5
  3930 | D:4      | Identified the +8 mace of the Arena {vorpal, rPois Dex+2}
  4036 | D:4      | Found a hazy altar of Hepliaklqana.
  4122 | D:4      | You fall into a shaft and drop 1 floor!
  4122 | D:5      | Entered Level 5 of the Dungeon
  4597 | D:5      | Reached skill level 1 in Maces & Flails
  4707 | D:5      | Reached XP level 7. HP: 62/62 MP: 6/6
  4708 | D:5      | Reached *** piety under Makhleb
  4964 | D:5      | Reached skill level 5 in Dodging
  5058 | D:5      | Found a staircase to the Ecumenical Temple.
  5067 | Temple   | Entered the Ecumenical Temple
  5138 | D:5      | Reached skill level 6 in Fighting
  5508 | D:6      | Reached skill level 5 in Armour
  5701 | D:6      | Reached XP level 8. HP: 71/71 MP: 7/7
  5866 | D:6      | Identified the +1 ring mail "Homib" {rF+ rC+ Dex+4 Stlth+}
  5940 | D:6      | Noticed Blork the orc
  5948 | D:6      | Killed Blork the orc
  5980 | D:6      | Found a hide-covered altar of Uskayaw.
  5982 | D:6      | Noticed a +0 hand axe
  5982 | D:6      | Noticed a +0 dagger
  6088 | D:6      | Noticed Maggie
  6108 | D:6      | Killed Maggie
  6109 | D:6      | Reached skill level 7 in Fighting
  6358 | D:6      | Found Wociw's Book Shop.
  6773 | D:7      | Reached skill level 5 in Maces & Flails
  6921 | D:7      | Reached skill level 8 in Fighting
  6921 | D:7      | Reached XP level 9. HP: 77/81 MP: 8/8
  7659 | D:8      | Reached **** piety under Makhleb
  7746 | D:8      | Reached skill level 1 in Invocations
  7919 | D:8      | Reached skill level 9 in Fighting
  7991 | D:8      | Noticed a troll
  7993 | D:8      | Killed a troll
  8137 | D:8      | Found Wubekhlir's Magic Scroll Emporium.
  8142 | D:8      | Bought a scroll of identify for 26 gold pieces
  8142 | D:8      | Bought a scroll of blinking for 97 gold pieces
  8142 | D:8      | Bought a scroll of identify for 26 gold pieces
  8142 | D:8      | Bought a scroll of identify for 26 gold pieces
  8142 | D:8      | Bought a scroll of summoning for 123 gold pieces
  8215 | D:8      | Found an ancient bone altar of Kikubaaqudgha.
  8448 | D:9      | Found a flagged portal.
  8524 | Bailey   | Entered a bailey
  8661 | Bailey   | Reached XP level 10. HP: 91/91 MP: 12/12
  8662 | Bailey   | Reached ***** piety under Makhleb
  8813 | Bailey   | Reached skill level 5 in Invocations
  8998 | Bailey   | Lost mutation: You passively map a small area around you.
                  | [potion of mutation]
  8998 | Bailey   | Lost mutation: You have a pair of large horns on your head.
                  | [potion of mutation]
  8998 | Bailey   | Gained mutation: Your spells are a little harder to cast,
                  | but a little more powerful. [potion of mutation]
  8998 | Bailey   | Gained mutation: You have a pair of large horns on your
                  | head. [potion of mutation]
  9022 | Bailey   | Noticed a gargoyle
  9039 | Bailey   | Killed a gargoyle
  9169 | D:9      | Found a staircase to the Lair.
  9326 | D:9      | Noticed a seven-headed hydra
  9343 | D:9      | Slain by a four-headed hydra

Illustrated notes

Levels and vault maps discovered:
D:1:      minmay_arrival_diagonal_passages, layout_rooms,
          hellmonk_ecumenical_altar_pennies_from_heaven
D:2:      wad_lake_hut, layout_basic
D:3:      layout_rooms, gammafunk_temple_overflow_claw
D:4:      layout_basic, worldfamousw_hep_ancestral_shrine, portal_sewer_entry_f
D:5:      layout_loops_corners, minmay_temple_entry_butterflies
D:6:      layout_gridville, dancing_weapons_uskayaw, serial_shops,
          nicolae_shop_trees, chequers_serial_rivers_marsh, uniq_blork_the_orc,
          uniq_maggie
D:7:      layout_gridville, minmay_increasing_density
D:8:      layout_basic, kiku_gazebo_garden_becter, serial_shops, shop
D:9:      layout_loops_ring, david_lair_shrubbed, orc_0_dummy, enter_bailey_5,
          grunt_decor_arrowhead, kennysheep_opposing_triangles
Temple:   regret_index_temple_sphere_string

Skill      XL: |  1  2  3  4  5  6  7  8  9 10 |
---------------+-------------------------------+-----
Fighting       | 4 5 6 8 9 |  9.9
Axes           | 4 5 |  5.3
Armour         | 1 2 3 4 5 7 8 |  8.0
Dodging        | 4 5 7 |  7.8
Maces & Flails | 1 3 5 7 8 |  8.1
Invocations    | 4 5 |  5.1
Stealth        | |  1.9

Action                   |  1- 3 |  4- 6 |  7- 9 | 10-12 || total
-------------------------+-------+-------+-------+-------++-------
Melee: Hand axe          |   105 |   143 |       |       ||   248
       Headbutt          |    11 |    30 |    44 |    12 ||    97
       Punch             |     1 |     2 |     6 |       ||     9
       Mace              |       |    23 |   207 |    60 ||   290
       Glaive            |       |       |       |     4 ||     4
Throw: Dart              |       |     8 |     9 |     1 ||    18
Invok: Lesser Servant of |       |       |       |     1 ||     1
Evoke: Wand              |       |       |     4 |     7 ||    11
  Use: Scroll            |     1 |     8 |    13 |     1 ||    23
       Potion            |       |     7 |     3 |     3 ||    13
 Stab: Sleeping          |     9 |       |     8 |     3 ||    20
Armor: Robe              |    15 |       |       |       ||    15
       Ring mail         |       |    38 |    44 |    27 ||   109
       Chain mail        |       |       |    23 |       ||    23
Dodge: Dodged            |    45 |    67 |   148 |    77 ||   337
